 Dungeon Sprint DCSS version 0.20.1-1-g8b1a95d (webtiles) character file.

7305 Mitsuki the Warrior (level 11, -4/143 HPs)
             Began as an Ogre Berserker on Sept 24, 2017.
             Was the Champion of Trog.
             Slain by an orc warrior
             ... wielding a +0 war axe
              (16 damage)
             ... in the Dungeon (Sprint IX: "|||||||||||||||||||||||||||||").
             The game lasted 00:10:34 (1503 turns).

Mitsuki the Warrior (Ogre Berserker)                Turns: 1503, Time: 00:10:35

Health: -4/143     AC:  5    Str: 36    XL:     11   Next: 13%
Magic:  11/11      EV: 13    Int: 13    God:    Trog [******]
Gold:   214        SH:  0    Dex:  3    Spells: 10/10 levels left

rFire    + . .     SeeInvis .   u - +1 giant club of Pragmatism {venom, rElec rF+ Str+4 Int+3 Dex-5}
rCold    . . .     Gourm    .   (shield currently unavailable)
rNeg     . . .     Faith    .   b - +0 animal skin
rPois    .         Spirit   .   (helmet restricted)
rElec    +         Reflect  .   p - +0 cloak
rCorr    .         Harm     .   (gloves unavailable)
MR       +++..     NoTele   +   (boots unavailable)
Stlth    +.........             (no amulet)
Regen    1.4/turn               n - +3 ring of strength
MPRegen  0.2/turn               o - +3 ring of strength

@: regenerating
A: unfitting armour, repulsion field 1, clever 1, shaggy fur 1, tough skin 1,
MP-powered wands
a: Berserk, Trog's Hand, Brothers in Arms, Burn Spellbooks, Renounce Religion


You were in the Dungeon.
You worshipped Trog.
Trog was exalted by your worship.
You were not hungry.

You visited 1 branch You collected 214 gold pieces.

Inventory:

Hand Weapons
 j - the +5 giant club of Mutualism {protect, rElec MR+ MP-9}
   (Trog gifted it to you in the Dungeon)

   It protects the one who uses it against injury (+AC on strike).
   It insulates you from electricity.
   It affects your resistance to hostile enchantments.
   It affects your magic capacity (-9).
 q - a +2 dire flail of crushing
 u - the +1 giant club of Pragmatism (weapon) {venom, rElec rF+ Str+4 Int+3 Dex-5}
   (Trog gifted it to you in the Dungeon)

   It poisons the flesh of those it strikes.
   It affects your strength (+4).
   It affects your intelligence (+3).
   It affects your dexterity (-5).
   It protects you from fire.
   It insulates you from electricity.
 v - a +6 morningstar of freezing
Armour
 b - a +0 animal skin (worn)
 p - a +0 cloak (worn)
Jewellery
 n - a +3 ring of strength (left hand)
 o - a +3 ring of strength (right hand)
Wands
 m - a wand of lightning (7/15)
Scrolls
 i - 3 scrolls of blinking
 l - 4 scrolls of remove curse
 r - a scroll of fog
 s - a scroll of recharging
 t - 2 scrolls of enchant armour
 w - a scroll of enchant weapon
Potions
 a - a potion of agility
 d - 7 potions of curing
 e - 6 potions of heal wounds
 f - a potion of haste
 g - 4 potions of magic
 h - a potion of berserk rage
 k - 2 potions of invisibility
 x - a potion of mutation
Comestibles
 c - 13 bread rations
 z - 40 fruits
 A - 12 meat rations


   Skills:
 + Level 18.8 Fighting
 + Level 14.0 Maces & Flails
 + Level 13.9 Dodging


You had 10 spell levels left.
You didn't know any spells.

Dungeon Overview and Level Annotations

Branches:
Dungeon (1/1)

Altars:
Cheibriados
Dithmenos
Elyvilon
Fedhas
Gozag
Hepliaklqana
Kikubaaqudgha
Makhleb
Nemelex Xobeh
Okawaru
Qazlal
Ru
Sif Muna
Trog
Uskayaw
Vehumet
Xom
Yredelemnul
Zin
The Shining One
Beogh
Jiyva
Lugonu


Innate Abilities, Weirdness & Mutations

You are too large for most types of armour.
You have tough skin. (AC +1)
You are surrounded by a mild repulsion field. (EV +2)
Your mind is acute. (Int +2)
You are covered in fur. (AC +1)
You expend magic power (3 MP) to strengthen your wands.


Message History

The orc priest mumbles some strange prayers to Beogh against you.
Beogh smites you!
* * * LOW HITPOINT WARNING * * *
An orc warrior comes into view. It is wielding a war axe.
The orc warrior shouts!
Items here: $ ))) † a dagger; a dire flail x2; 100 gold pieces; an ettin corpse An orc wizard comes into view.
It is wielding a dagger of electrocution.
You see here 50 gold pieces.
The orc wizard shouts!
You see here 50 gold pieces.
The orc warrior hits you with a war axe!
* * * LOW HITPOINT WARNING * * *
The orc priest invokes the aid of Beogh against you.
Beogh smites you!
* * * LOW HITPOINT WARNING * * *
You bludgeon the orc warrior!!
The orc warrior is poisoned.
The orc warrior is severely wounded.
The orc warrior hits you with a war axe!
You die...

▓.▓.▓.▓.▓.▓
▓.▓.▓.▓.▓.▓
▓'▓.▓.▓.▓.▓
▓.▓.▓(▓.▓.▓
▓$▓.▓.▓.▓.▓
▓)▓.▓.▓.▓'▓
▓$▓.▓.▓.▓_▓
▓$▓.▓.▓.▓_▓
▓@▓.▓.▓.▓_▓
▓o▓.▓.▓.▓_▓
▓o▓.▓'▓.▓_▓
▓o▓.▓.▓.▓_▓
▓.▓.▓.▓.▓_▓
▓.▓.▓.▓.▓_▓
▓.▓.▓.▓.▓_▓
▓.▓.▓.▓.▓_▓
▓.▓.▓.▓_▓


You could see an orc warrior, an orc priest and an orc wizard.

Vanquished Creatures
  An ettin (D)
  2 centaur warriors (D)
  A lindwurm (D)
  A manticore (D)
  3 komodo dragons (D)
  4 polar bears (D)
  A blink frog (D)
  3 hippogriffs (D)
  3 yaks (D)
  A porcupine (D)
  2 water moccasins (D)
  An orc warrior (D)
  5 black bears (D)
  A centaur (D)
  A crocodile (D)
  4 bullfrogs (D)
  A howler monkey (D)
  2 hounds (D)
  A jelly (D)
  2 orc priests (D)
  An iguana (D)
  4 orc wizards (D)
  A leopard gecko (D)
  4 orcs (D)
  A bat zombie (D)
  2 goblins (D)
  A quokka (D)
  A ball python (D)
  A frilled lizard (D)
  A jackal zombie (D)
  A rat (D)
58 creatures vanquished.

Notes
Turn   | Place    | Note
-------+----------+-------------------------------------------
     0 | D        | Mitsuki the Ogre Berserker began the quest for the Orb.
     0 | D        | Reached XP level 1. HP: 24/24 MP: 1/1
    15 | D        | Reached ** piety under Trog
    36 | D        | Noticed an iguana
    36 | D        | Noticed a hound
    36 | D        | Noticed a jelly
    42 | D        | Killed an iguana
    42 | D        | Reached skill level 6 in Fighting
    42 | D        | Reached XP level 2. HP: 36/36 MP: 2/2
    42 | D        | Reached XP level 3. HP: 44/44 MP: 3/3
    44 | D        | Reached *** piety under Trog
    44 | D        | Reached skill level 7 in Fighting
    44 | D        | Reached XP level 4. HP: 55/55 MP: 4/4
    48 | D        | Reached skill level 5 in Maces & Flails
    48 | D        | Reached skill level 5 in Dodging
   109 | D        | Found a roughly hewn altar of Beogh.
   109 | D        | Found a snail-covered altar of Cheibriados.
   109 | D        | Found a shadowy altar of Dithmenos.
   109 | D        | Found a white marble altar of Elyvilon.
   109 | D        | Found a blossoming altar of Fedhas.
   109 | D        | Found an opulent altar of Gozag.
   110 | D        | Found a hazy altar of Hepliaklqana.
   111 | D        | Found a viscous altar of Jiyva.
   112 | D        | Found an ancient bone altar of Kikubaaqudgha.
   113 | D        | Found a corrupted altar of Lugonu.
   114 | D        | Found a burning altar of Makhleb.
   115 | D        | Found a sparkling altar of Nemelex Xobeh.
   116 | D        | Found an iron altar of Okawaru.
   117 | D        | Found a stormy altar of Qazlal.
   118 | D        | Found a sacrificial altar of Ru.
   119 | D        | Found a deep blue altar of Sif Muna.
   120 | D        | Found a bloodstained altar of Trog.
   121 | D        | Found a hide-covered altar of Uskayaw.
   122 | D        | Found a radiant altar of Vehumet.
   124 | D        | Found a shimmering altar of Xom.
   125 | D        | Found a basalt altar of Yredelemnul.
   126 | D        | Found a glowing silver altar of Zin.
   127 | D        | Found a glowing golden altar of the Shining One.
   188 | D        | Noticed a centaur
   188 | D        | Noticed a yak
   190 | D        | Reached **** piety under Trog
   190 | D        | Reached skill level 8 in Fighting
   190 | D        | Reached XP level 5. HP: 66/66 MP: 5/5
   198 | D        | Received a gift from Trog
   198 | D        | Reached skill level 9 in Fighting
   202 | D        | Killed a centaur
   202 | D        | Reached XP level 6. HP: 56/78 MP: 6/6
   205 | D        | Killed a yak
   205 | D        | Reached skill level 11 in Fighting
   206 | D        | Reached ***** piety under Trog
   327 | D        | Noticed a centaur warrior
   327 | D        | Noticed an orc warrior
   327 | D        | Noticed a hippogriff
   327 | D        | Noticed a manticore
   327 | D        | Noticed a centaur warrior
   332 | D        | Killed a centaur warrior
   332 | D        | Reached skill level 13 in Fighting
   332 | D        | Reached XP level 7. HP: 93/93 MP: 7/7
   332 | D        | Reached XP level 8. HP: 102/102 MP: 8/8
   348 | D        | Killed a hippogriff
   348 | D        | Reached skill level 10 in Maces & Flails
   348 | D        | Reached skill level 10 in Dodging
   351 | D        | Killed a manticore
   351 | D        | Received a gift from Trog
   351 | D        | Reached skill level 14 in Fighting
   351 | D        | Reached XP level 9. HP: 72/114 MP: 9/9
   354 | D        | Killed a centaur warrior
   354 | D        | Reached skill level 15 in Fighting
   726 | D        | Gained mutation: Your mind is acute. (Int +2) [potion of mutation]
   726 | D        | Gained mutation: You expend magic power (3 MP) to strengthen your wands. [potion of mutation]
   726 | D        | Gained mutation: You are covered in fur. (AC +1) [potion of mutation]
   726 | D        | Gained mutation: You are surrounded by a mild repulsion field. (EV +2) [potion of mutation]
   732 | D        | Noticed a komodo dragon
   743 | D        | Received a gift from Trog
   743 | D        | Reached skill level 16 in Fighting
   744 | D        | Got a brightly glowing giant club {god gift}
   751 | D        | Noticed a polar bear
   753 | D        | Killed a komodo dragon
   753 | D        | Reached XP level 10. HP: 114/128 MP: 10/10
   806 | D        | Identified the +5 giant club of Mutualism {protect, rElec MR+ MP-9} (Trog gifted it to you in the Dungeon)
   815 | D        | Noticed a lindwurm
   825 | D        | Reached skill level 17 in Fighting
   831 | D        | Killed a lindwurm
   831 | D        | Reached ****** piety under Trog
   838 | D        | Received a gift from Trog
  1116 | D        | Reached skill level 18 in Fighting
  1126 | D        | Received a gift from Trog
  1373 | D        | Received a gift from Trog
  1374 | D        | Got a fine giant club {god gift}
  1375 | D        | Identified the +1 giant club of Pragmatism {venom, rElec rF+ Str+4 Int+3 Dex-5} (Trog gifted it to you in the Dungeon)
  1390 | D        | Reached XP level 11. HP: 127/143 MP: 2/11
  1483 | D        | Noticed an ettin
  1494 | D        | HP: 2/143 [ettin/dire flail (29)]
  1495 | D        | Killed an ettin
  1503 | D        | Slain by an orc warrior

Skill      XL: |  1  2  3  4  5  6  7  8  9 10 11 |
---------------+----------------------------------+-----
Maces & Flails | 4 5 6 9 10 12 13 14 | 14.0
Dodging        | 4 5 6 9 10 12 13 | 13.9
Fighting       | 6 7 8 9 13 14 16 18 | 18.8

Action                   |  1- 3 |  4- 6 |  7- 9 | 10-12 || total
-------------------------+-------+-------+-------+-------++-------
Melee: Mace              |    22 |     6 |       |       ||    28
       Dire flail        |       |    20 |    46 |     6 ||    72
       Giant club        |       |       |       |    73 ||    73
Invok: Trog's Hand       |     1 |     1 |       |     1 ||     3
       Berserk           |     1 |     1 |       |       ||     2
  Use: Potion            |       |       |     1 |     1 ||     2
  Eat: Chunk             |       |       |     2 |     3 ||     5
Armor: Animal skin       |     3 |     1 |     3 |    19 ||    26
Dodge: Dodged            |    11 |    16 |    15 |    48 ||    90
